 Dungeon Crawl Stone Soup version 0.27-a0-765-ge4d627daa3 (console) character file.

Game seed: 3472454759335542236

67 jejorda2 the Poker (level 4, -2/55 HPs)
             Began as a Merfolk Berserker on Mar 24, 2021.
             Was a Believer of Trog.
             Slain by a goblin
             ... wielding a +0 club
             ... led by Robin
              (4 damage)
             ... on level 3 of the Dungeon.
             The game lasted 00:02:37 (1774 turns).

jejorda2 the Poker (Merfolk Berserker)              Turns: 1774, Time: 00:02:41

Health: -2/55      AC:  9    Str: 18    XL:     4   Next: 18%
Magic:  4/4        EV:  8    Int:  6    God:    Trog [**....]
Gold:   52         SH:  0    Dex: 13    Spells: 3/3 levels left

rFire    . . .     SeeInvis .   a - +0 spear
rCold    . . .     Faith    .   (no shield)
rNeg     . . .     Spirit   .   d - +0 chain mail
rPois    .         Reflect  .   c - +0 helmet
rElec    .         Harm     .   (no cloak)
rCorr    .         Rampage  .   (no gloves)
Will     .....                  (no boots)
Stlth    ..........             (no amulet)
HPRegen  0.18/turn              (no ring)
MPRegen  0.09/turn              (no ring)

@: berserking, very quick
A: (nimble swimmer 2), mertail
a: Renounce Religion, Berserk, Trog's Hand


You were on level 3 of the Dungeon.
You worshipped Trog.
Trog was pleased with you.
You visited 1 branch of the dungeon, and saw 3 of its levels.

You collected 52 gold pieces.

Inventory:

Hand Weapons
 a - a +0 spear (weapon)
Missiles
 j - 2 javelins
Armour
 c - a +0 helmet (worn)
 d - a +0 chain mail (worn)
Jewellery
 n - a ring of fire
Scrolls
 e - 2 scrolls of magic mapping {unknown}
 f - a scroll of immolation {unknown}
 g - a scroll of identify {unknown}
 k - a scroll of enchant weapon {unknown}
 l - a scroll of fear {unknown}
 m - a scroll of blinking {unknown}
Potions
 b - 2 potions of curing {unknown}
 h - a potion of haste {unknown}
 i - a potion of magic {unknown}


   Skills:
 + Level 3.9 Fighting
 * Level 6.0 Polearms
 + Level 2.0 Armour
 - Level 2.6 Dodging


You had 3 spell levels left.
You didn't know any spells.
Your spell library was empty.

Dungeon Overview and Level Annotations

Branches:
Dungeon (3/15)

Altars:
Ashenzari
Gozag
Nemelex Xobeh
Ru
Sif Muna
Trog
Vehumet

Annotations:
D:3 Robin


Innate Abilities, Weirdness & Mutations

((You are quick and stealthy while swimming. (Stealth+, EV+, Speed+++)))
Your lower body shifts to a powerful aquatic tail in water.


Message History

You kill the adder!
Trog accepts your kill. Robin throws the goblin at you!
Your Polearms skill increases to level 6!
Your Armour skill increases to level 2!
You hit the goblin.
You kill the goblin!
Trog accepts your kill.
You barely miss Robin. You hit Robin.
Robin is lightly wounded.
Robin throws the goblin at you! The goblin hits you but does no damage.
You closely miss Robin.
Robin is lightly wounded.
Robin hits you with a +2 falchion of electrocution.
You are electrocuted!
The goblin hits you but does no damage.
You closely miss Robin.
Robin is lightly wounded.
Robin hits you with a +2 falchion of electrocution.
You are electrocuted!
* * * LOW HITPOINT WARNING * * *
The goblin hits you but does no damage.
You are too injured to fight recklessly!
You are too injured to fight recklessly!
A red film seems to cover your vision as you go berserk!
You feel yourself moving faster!
You feel mighty!
Robin roars a battlecry!
The goblins go into a battle-frenzy!
The goblin hits you but does no damage.
You hear a shout! x3
You puncture Robin!
Robin is heavily wounded.
You barely miss Robin.
Robin is heavily wounded.
Robin hits you with a +2 falchion of electrocution.
* * * LOW HITPOINT WARNING * * *
You are electrocuted!
* * * LOW HITPOINT WARNING * * *
The goblin hits you with a +0 club.
You die...

#.
#..###########
#.g..g.Sg....#
....g#########.#
... #<†...g@gg#
g ###########


You could see Robin, a hobgoblin (strong) and a goblin (strong).

Vanquished Creatures
  2 adders
  2 adder skeletons (D:2)
  A worm (D:2)
  A dart slug (D:1)
  2 ball pythons (D:1)
  5 bats (D:1)
  4 bat skeletons (D:2)
  2 endoplasms
  2 giant cockroaches
  2 goblins (D:3)
  2 hobgoblins
  2 jackals (D:1)
  A quokka (D:1)
  A ball python skeleton (D:2)
  4 frilled lizards
  2 kobolds
  A quokka skeleton (D:2)
  2 quokka zombies (D:2)
  A rat (D:1)
39 creatures vanquished.

Vanquished Creatures (others)
  A withered plant (D:2)
1 creature vanquished.

Grand Total: 40 creatures vanquished

Notes
Turn   | Place    | Note
-------+----------+-------------------------------------------
     0 | D:1      | jejorda2 the Merfolk Berserker began the quest for the Orb.
     0 | D:1      | Reached XP level 1. HP: 18/18 MP: 1/1
   179 | D:1      | Reached XP level 2. HP: 24/24 MP: 2/2
   285 | D:1      | Reached skill level 5 in Polearms
   955 | D:2      | Reached XP level 3. HP: 26/29 MP: 3/3
  1018 | D:2      | Found a bloodstained altar of Trog.
  1307 | D:2      | Reached ** piety under Trog
  1334 | D:2      | Found a shimmering blue altar of Sif Muna.
  1334 | D:2      | Found a radiant altar of Vehumet.
  1349 | D:2      | Found a broken altar of Ashenzari.
  1349 | D:2      | Found a sacrificial altar of Ru.
  1354 | D:2      | Found a sparkling altar of Nemelex Xobeh.
  1355 | D:2      | Found an opulent altar of Gozag.
  1733 | D:3      | Noticed Robin
  1754 | D:3      | Reached XP level 4. HP: 37/37 MP: 4/4
  1767 | D:3      | Reached skill level 6 in Polearms
  1774 | D:3      | HP: 2/55 [Robin/+2 falchion of electrocution (13)]
  1774 | D:3      | Slain by a goblin

Illustrated notes

Levels and vault maps discovered:
D:1:      psy_arrival_conway, layout_basic
D:2:      layout_basic, nicolae_overflow_crystal_walls,
          grunt_temple_overflow_open, serial_undead, serial_undead_f,
          serial_undead_b, serial_undead_d, serial_undead_d, serial_undead_d,
          serial_undead_e
D:3:      layout_basic, overflow_temple_1_default, uniq_robin, uniq_sigmund,
          uniq_natasha

Skill      XL: |  1  2  3  4 |
---------------+-------------+-----
Polearms       | 5 6 |  6.0
Armour         | 2 |  2.0
Fighting       | |  3.9
Dodging        | |  2.6

Action                   |  1- 3 |  4- 6 || total
-------------------------+-------+-------++-------
Melee: Spear             |   134 |    11 ||   145
       Tailslap          |     1 |       ||     1
Invok: Berserk           |       |     1 ||     1
Armor: Chain mail        |    54 |     6 ||    60
Dodge: Dodged            |    53 |     2 ||    55

Table legend: (Time is in decaauts)
 A = Elapsed time spent in this place.
 B = Non-inter-level travel time spent in this place.
 C = Inter-level travel time spent in this place.
 D = Time resting spent in this place.
 E = Time spent auto-exploring this place.
 F = Levels seen in this place.
 G = Mean time per level.
                   A        B        C        D        E       F      G
               +--------+--------+--------+--------+--------+-----+--------+
         Total |   1743 |   1677 |     66 |      0 |   1398 |   3 |  581.0 |
       Dungeon |   1743 |   1677 |     66 |      0 |   1398 |   3 |  581.0 |
               +--------+--------+--------+--------+--------+-----+--------+

Top non-repeatable levels by time:
     D:1: 855 daAuts
     D:2: 831 daAuts
     D:3: 56 daAuts
